 Dungeon Crawl Stone Soup version bcrawl-1.19.2-6-g6a88ae04c9 (webtiles) character file.

Game seed: 14154550603888397912

3471 Freyura the Basher (level 10, -2/64 HPs)
             Began as a Gargoyle Monk on Jan 5, 2020.
             Was a Believer of Ashenzari.
             Slain by a two-headed ogre
             ... wielding a +0 giant spiked club
              (14 damage)
             ... on level 8 of the Dungeon.
             The game lasted 00:19:15 (6506 turns).

Freyura the Basher (Gargoyle Monk)                  Turns: 6506, Time: 00:19:15

Health: -2/64      AC: 19    Str: 15    XL:     10   Next: 6%
Magic:  0/22       EV: 12    Int: 11    God:    Ashenzari [**....]
Gold:   538        SH:  0    Dex: 15    Spells: 9/9 levels left

rFire    . . .     SeeInvis .   e - +2 eveningstar (holy)
rCold    . . .     Gourm    .   (no shield)
rNeg     + + .     Faith    .   i - +1 scale mail {rN+} (curse)
rPois    ∞         Spirit   +   m - +0 helmet (curse)
rElec    +         Reflect  .   b - +0 cloak (curse)
rCorr    .         Harm     .   g - -1 pair of gloves (curse)
MR       .....                  (no boots)
Stlth    +.........             d - amulet of guardian spirit (curse)
HPRegen  0.20/turn              y - ring of magical power (curse)
MPRegen  0.18/turn              (no ring)

@: no status effects
A: negative energy resistance 1, electricity resistance, unbreathing,
petrification resistance, rot immunity, AC +7
a: Curse Item, Scrying, Renounce Religion


You were on level 8 of the Dungeon.
You worshipped Ashenzari.
Ashenzari was pleased with you.
You were very hungry.

You visited 2 branches of the dungeon, and saw 9 of its levels.

You collected 538 gold pieces.

Inventory:

Hand Weapons
 a - a +0 mace
 e - a +2 eveningstar of holy wrath (weapon)
Armour
 b - a cursed +0 cloak (worn)
 g - a cursed -1 pair of gloves (worn)
 i - a cursed +1 scale mail of positive energy (worn)
 m - a cursed +0 helmet (worn)
Jewellery
 d - a cursed amulet of guardian spirit (around neck)
 y - a cursed ring of magical power (left hand)
Wands
 r - a wand of polymorph (10)
 u - a wand of flame (12)
Scrolls
 j - 3 scrolls of remove curse
 k - a scroll of teleportation
 l - 3 scrolls of fear
 w - 2 scrolls of amnesia
 x - 2 scrolls of identify
 A - 2 scrolls of blinking
Potions
 c - a potion of might
 h - a potion of heal wounds
 n - a potion of cancellation
 o - 3 potions of invisibility
 p - 3 potions of curing
 q - a potion of berserk rage {unknown}
 s - a potion of mutation {unknown}
 t - a potion of magic {unknown}
Comestibles
 f - 12 rations {!d}


   Skills:
 + Level 7.9 Fighting
 * Level 9.7 Maces & Flails
 + Level 7.0(8.5) Armour
 - Level 3.0(4.3) Dodging
 - Level 2.4 Stealth
   Level 2.1 Invocations
 + Level 4.0(5.4) Evocations


You had 9 spell levels left.
You didn't know any spells.
Your spell library contained the following spells:

 Spells                   Type           Power        Failure   Level  Hunger
 Magic Dart               Conj           #...         73%         1    ##.....
 Shock                    Conj/Air       #....        73%         1    ##.....
 Searing Ray              Conj           #.......     86%         2    ###....
 Swiftness                Chrm/Air       #.......     86%         2    ###....
 Confuse                  Hex            #.......     97%         3    ####...
 Dazzling Spray           Conj/Hex       #.....       97%         3    ####...
 Iskenderun's Mystic Bla  Conj           #.......     97%         3    ####...
 Static Discharge         Air            #.......     97%         3    ####...
 Airstrike                Air            #.........   100%        4    #####..
 Fulminant Prism          Conj/Hex       #.........   100%        4    #####..
 Petrify                  Tmut/Erth      #.......     100%        4    #####..
 Yara's Violent Unravell  Hex/Tmut       #.........   100%        4    #####..
 Irradiate                Conj/Tmut      #.........   100%        5    ######.
 Lightning Bolt           Conj/Air       #.........   100%        5    ######.
 Metabolic Englaciation   Hex/Ice        #.........   100%        5    ######.
 Mana Rupture             Conj/Hex       #.........   100%        7    #######


Dungeon Overview and Level Annotations

Branches:
Dungeon (8/12)             Temple (1/1) D:6
   Lair: D:7-9          Orc: D:8-11

Altars:
Ashenzari
Cheibriados
Dithmenos
Elyvilon
Fedhas
Kikubaaqudgha
Lugonu
Makhleb
Nemelex Xobeh
Okawaru
Qazlal
Ru
Trog
Uskayaw
Vehumet
Wu Jian
Xom
Yredelemnul
Zin
The Shining One

Shops:
D:7 =


Innate Abilities, Weirdness & Mutations

You are resistant to torment.
Your stone body is resilient. (AC +7)
You are immune to poison.
You resist negative energy. (rN+)
You are resistant to electric shocks. (rElec)
You can survive without breathing.
You are immune to petrification.
You are immune to rotting.


Message History

You hit the two-headed ogre but do no damage.
The two-headed ogre is heavily wounded.
The two-headed ogre closely misses you.
The two-headed ogre hits you with a +0 giant club!
* * * LOW HITPOINT WARNING * * *
You hit the two-headed ogre.
The two-headed ogre is heavily wounded.
You hit the two-headed ogre.
The two-headed ogre is heavily wounded.
The two-headed ogre barely misses you.
The two-headed ogre hits you with a +0 giant club!
* * * LOW HITPOINT WARNING * * *
You barely miss the two-headed ogre.
The two-headed ogre is heavily wounded.
The two-headed ogre barely misses you.
The two-headed ogre hits you but does no damage.
You bludgeon the two-headed ogre!!
The two-headed ogre is almost dead.
The two-headed ogre hits you with a +0 giant spiked club!!
You die...

#### *#.. #.# * *
...# #..##.# ...#,
+.....# *
...######....# ,
........#....#####,*
*
........#........#,*
.......(##...###.#{
...............#O#
......^.###.>#.#@#{
........# ##.#.#.#{*
........# #.#.#[#{
######.## #.#...#
#.#####.#####,
#....<#.., , *
######## * * *


You could see a two-headed ogre.

Vanquished Creatures
  A troll (D:8)
  2 hippogriffs (D:7)
  3 hungry ghosts
  An orc warrior (D:6)
  3 sky beasts
  A black bear (D:7)
  2 ogres
  A phantom (D:3)
  A big kobold (D:7)
  A bullfrog (D:5)
  4 scorpions
  3 killer bees (D:7)
  4 crimson imps
  A bullfrog zombie (D:7)
  A quasit (D:5)
  6 orc priests
  A hound (D:6)
  5 orc wizards
  3 bullfrog skeletons
  2 centaur skeletons (D:7)
  An iguana (D:4)
  6 worker ants
  2 howler monkey skeletons
  10 adders
  A shadow imp (D:7)
  An adder skeleton (D:5)
  2 worms
  6 leopard geckos
  36 orcs
  2 ball pythons
  6 bats
  2 giant cockroaches
  2 goblins
  6 hobgoblins
  3 jackals (D:5)
  15 kobolds
  2 quokkas (D:2)
  5 frilled lizards
  A jackal skeleton (D:3)
  A quokka skeleton (D:4)
  5 rats
161 creatures vanquished.

Notes
Turn   | Place    | Note
-------+----------+-------------------------------------------
     0 | D:1      | Freyura the Gargoyle Monk began the quest for the Orb.
     0 | D:1      | Reached XP level 1. HP: 14/14 MP: 2/2
   276 | D:1      | Reached XP level 2. HP: 18/19 MP: 1/3
  1011 | D:2      | Reached skill level 1 in Armour
  1141 | D:2      | Reached XP level 3. HP: 21/23 MP: 4/4
  1394 | D:2      | Found an iron altar of Okawaru.
  1813 | D:3      | Reached XP level 4. HP: 26/29 MP: 3/5
  1965 | D:3      | Reached skill level 4 in Maces & Flails
  1965 | D:3      | Reached XP level 5. HP: 30/33 MP: 6/6
  2128 | D:3      | Noticed a phantom
  2203 | D:3      | Killed a phantom
  2203 | D:3      | Reached XP level 6. HP: 29/39 MP: 7/7
  2467 | D:3      | Reached skill level 5 in Maces & Flails
  3475 | D:5      | Entered Level 5 of the Dungeon
  3495 | D:5      | Reached XP level 7. HP: 44/44 MP: 8/8
  3530 | D:5      | Reached skill level 5 in Fighting
  3684 | D:5      | Noticed a hungry ghost
  3708 | D:5      | Paralysed by fainting for 9 turns
  3732 | D:5      | Killed a hungry ghost
  3732 | D:5      | Reached skill level 6 in Maces & Flails
  3967 | D:5      | Reached XP level 8. HP: 31/50 MP: 9/9
  4143 | D:5      | Found a bloodstained altar of Trog.
  4213 | D:5      | Reached skill level 7 in Maces & Flails
  4407 | D:5      | Found a shattered altar of Ashenzari.
  4459 | D:5      | Became a worshipper of Ashenzari the Shackled
  4459 | D:5      | Reached * piety under Ashenzari
  4459 | D:5      | Reached ** piety under Ashenzari
  4790 | D:5      | Identified a scroll of acquirement
  4859 | D:6      | Reached skill level 5 in Armour
  5097 | D:6      | Reached skill level 1 in Evocations
  5466 | D:6      | Found a staircase to the Ecumenical Temple.
  5475 | Temple   | Entered the Ecumenical Temple
  5650 | D:6      | Reached skill level 8 in Maces & Flails
  5762 | D:7      | Reached XP level 9. HP: 56/56 MP: 10/10
  5941 | D:7      | Found an ancient bone altar of Kikubaaqudgha.
  5941 | D:7      | Found a glowing silver altar of Zin.
  5944 | D:7      | Found a basalt altar of Yredelemnul.
  5944 | D:7      | Found a shimmering altar of Xom.
  6087 | D:7      | Reached skill level 9 in Maces & Flails
  6158 | D:7      | Found Agefid Wyi's Jewellery Shop.
  6462 | D:8      | Reached XP level 10. HP: 64/64 MP: 12/12
  6495 | D:8      | Noticed a two-headed ogre
  6506 | D:8      | Slain by a two-headed ogre

Skill      XL: |  1  2  3  4  5  6  7  8  9 10 |
---------------+-------------------------------+-----
Armour         | 1 2 3 4 5 6 7 |  7.0
Fighting       | 4 5 6 7 |  7.9
Maces & Flails | 4 5 6 8 9 |  9.7
Dodging        | 3 |  3.0
Evocations     | 2 3 4 |  4.0
Stealth        | |  2.4
Invocations    | |  2.1

Action                   |  1- 3 |  4- 6 |  7- 9 | 10-12 || total
-------------------------+-------+-------+-------+-------++-------
Melee: Mace              |   147 |   230 |   204 |       ||   581
       Eveningstar       |       |       |   151 |    12 ||   163
Invok: Curse Item        |       |       |     7 |       ||     7
  Use: Scroll            |     4 |     4 |     6 |       ||    14
 Stab: Sleeping          |     2 |       |       |       ||     2
  Eat: Chunk             |     3 |     5 |    10 |       ||    18
       Ration            |       |       |     3 |       ||     3
Armor: Robe              |    18 |       |       |       ||    18
       Scale mail        |    73 |   107 |   251 |     5 ||   436
Dodge: Dodged            |    92 |   117 |   251 |     6 ||   466
